 Dungeon Crawl Stone Soup version 0.29.0-4-gdea44cf6ec (webtiles) character file.

Game seed: 398825497019982434

197 qw the Sneak (level 5, -5/32 HPs)
             Began as a Gargoyle Delver on Sept 10, 2022.
             Slain by Duvessa
             ... wielding a +4 antimagic short sword
              (6 damage)
             ... on level 4 of the Dungeon.
             The game lasted 00:01:11 (3518 turns).

qw the Sneak (Gargoyle Delver)                      Turns: 3518, Time: 00:01:11

Health: -5/32      AC: 11    Str: 18    XL:     5   Next: 75%
Magic:  0/5        EV:  9    Int: 10    God:
Gold:   206        SH:  0    Dex: 11    Spells: 4/4 levels left

rFire   . . .      SeeInvis .   Y - +1 broad axe
rCold   . . .      Faith    .   (no shield)
rNeg    + . .      Spirit   .   e - +0 scale mail
rPois   inf        Reflect  .   (no helmet)
rElec   +          Harm     .   k - +0 cloak
rCorr   .          Rampage  .   (no gloves)
Will    .....                   (no boots)
Stlth   +.........              (no amulet)
HPRegen 0.10/turn               (no ring)
MPRegen 0.09/turn               (no ring)

@: no status effects
A: sickness immunity, AC +4, negative energy resistance 1, electricity
resistance, torment resistance 1, petrification resistance
a: no special abilities


You were on level 4 of the Dungeon.
You visited 2 branches of the dungeon, and saw 6 of its levels.

You collected 206 gold pieces.


Innate Abilities, Weirdness & Mutations

You are immune to sickness and miasma.
Your stone body is resilient. (AC +4)
You are immune to poison.
You resist negative energy. (rN+)
You are resistant to electric shocks. (rElec)
You are resistant to unholy torment.
You are immune to petrification.


   Skills:
 + Level 3.2 Fighting
 - Level 5.0 Axes
 - Level 1.0 Throwing
 - Level 1.0 Armour
 - Level 1.5 Dodging
 - Level 5.4 Stealth


You had 4 spell levels left.
You didn't know any spells.
Your spell library was empty.

Inventory:

Hand Weapons
 l - a +0 hand axe of flaming
 Y - a +1 broad axe (weapon)
Missiles
 i - 4 boomerangs (quivered)
Armour
 b - a +0 chain mail
 e - a +0 scale mail (worn)
 k - a +0 cloak (worn)
Wands
 g - a wand of digging (3)
Scrolls
 n - a scroll of teleportation
Potions
 a - a potion of invisibility {unknown}
 c - a potion of mutation {unknown}
 d - a potion of cancellation
 f - a potion of haste
 j - 2 potions of heal wounds
 m - a potion of attraction {unknown}
 q - a potion of flight {unknown}

Dungeon Overview and Level Annotations

Branches:
Dungeon (5/15)             Temple (1/1) D:5

Altars:
Dithmenos
Elyvilon
Hepliaklqana
Makhleb
Ru
Sif Muna
Trog
Vehumet
Wu Jian
Yredelemnul
Zin
The Shining One

Annotations:
D:3 2 transporters, qw's ghost, weakling GrDe
D:4 Dowan; Duvessa


Message History

You slash the jackal!
You kill the jackal!
The jackal barely misses you.
You barely miss the jackal. You hit the jackal. The jackal barely misses you.
The jackal bites you but does no damage.
The jackal closely misses you.
The jackal bites you but does no damage.
You closely miss the jackal.
The jackal is heavily wounded.
You closely miss the jackal. The jackal closely misses you.
The jackal bites you but does no damage.
The jackal completely misses you. The jackal closely misses you.
You slash the jackal!
You kill the jackal!
You slash the jackal!
You kill the jackal!
Your Axes skill increases to level 5!
A goblin comes into view. It is wielding a +0 club.
Dowan, Brother of Duvessa comes into view.
He is wielding a +0 vampiric dagger.
The goblin moves out of view.
Things that are here:
a jackal corpse; a jackal corpse Dowan shouts!
The teleport trap disappears.
Dowan disappears!
3507 ||| Stepping ~*~*~tactically~*~*~ (stealth).
3508 ||| Stepping ~*~*~tactically~*~*~ (stealth).
Duvessa, Sister of Dowan comes into view.
She is wielding a +4 antimagic short sword and carrying a wand of quicksilver (4).
3515 ||| Stepping ~*~*~tactically~*~*~ (hiding).
Duvessa drinks a potion.
Duvessa seems to grow stronger.
Duvessa zaps a wand.
The bolt of dispelling energy hits you!!
Ouch! That really hurt!
You hit Duvessa.
Duvessa is lightly wounded.
Duvessa hits you with a +4 antimagic short sword!
You feel your power leaking away.
Duvessa hits you with a +4 antimagic short sword.
You die...

..# #..# #..####
#....## #.....#
#.....## #......###
#.....@e.#
#....###...... #....#
..### #....# .#
#....# # ###..##
##%..###... ####
##.%.....¤g#
####..###...#........


You could see Duvessa (strong).

Vanquished Creatures
  A scorpion (D:4)
  5 adders
  A worm (D:3)
  10 orcs
  3 endoplasms
  6 goblins
  5 hobgoblins
  12 jackals
  6 quokkas
  7 ball pythons
  A bat (D:1)
  7 frilled lizards
  7 kobolds
  6 rats
77 creatures vanquished.

Notes
Turn   | Place    | Note
-------+----------+-------------------------------------------
     0 | D:5      | qw the Gargoyle Delver began the quest for the Orb.
     0 | D:5      | Reached XP level 1. HP: 14/14 MP: 1/1
     0 | D:5      | 0 ||| qw: Version: 0.1-a-116-g5d60599
     0 | D:5      | 0 ||| qw: Game counter: 8206
     0 | D:5      | 0 ||| qw: Always use a shield: true
     0 | D:5      | 0 ||| qw: God list: Okawaru
     0 | D:5      | 0 ||| qw: Allow faded altars: false
     0 | D:5      | 0 ||| qw: Do Orc after D:15 true
     0 | D:5      | 0 ||| qw: Do second Lair branch before Depths: true
     0 | D:5      | 0 ||| qw: Lair rune preference: random
     0 | D:5      | 0 ||| qw: Plans: Normal
     0 | D:5      | 0 ||| PLANNING D:1-11
     2 | D:5      | Found a staircase to the Ecumenical Temple.
     3 | D:5      | 3 ||| PLANNING TEMPLE
     3 | D:5      | 3 ||| DROPPING scroll of fog.
     4 | D:5      | 4 ||| DROPPING scroll of magic mapping.
     5 | D:5      | 5 ||| DROPPING scroll of fear.
    14 | Temple   | Entered the Ecumenical Temple
    29 | Temple   | 29 ||| PLANNING D:1-11
    70 | D:5      | 70 ||| DROPPING amulet of faith.
    71 | D:5      | 71 ||| READING scroll labelled ETOENK UMMI.
   167 | D:3      | 167 ||| SWAPPING to +0 broad axe.
   168 | D:3      | 168 ||| DROPPING +0 hand axe.
   241 | D:2      | Reached XP level 2. HP: 19/19 MP: 2/2
   332 | D:2      | 332 ||| UPGRADING to +0 scale mail.
   342 | D:2      | 342 ||| DROPPING +0 leather armour.
   371 | D:1      | 371 ||| Stepping ~*~*~tactically~*~*~ (stealth).
   431 | D:1      | 431 ||| Stepping ~*~*~tactically~*~*~ (stealth).
   438 | D:1      | HP: 3/19 [jackal (2)]
   442 | D:1      | Reached skill level 3 in Axes
   449 | D:1      | 449 ||| Stepping ~*~*~tactically~*~*~ (stealth).
   733 | D:1      | 733 ||| Stepping ~*~*~tactically~*~*~ (stealth).
   744 | D:1      | Reached XP level 3. HP: 21/23 MP: 3/3
   812 | D:1      | Found a faded altar of an unknown god.
   860 | D:1      | Reached skill level 1 in Armour
  1472 | D:1      | 1472 ||| READING scroll labelled RASKEO FUOMAKH.
  1473 | D:1      | 1473 ||| READING scroll labelled ROIZOTUBIPT.
  1477 | D:1      | 1477 ||| READING scroll labelled MIREJE BIPH.
  1578 | D:2      | 1578 ||| Stepping ~*~*~tactically~*~*~ (stealth).
  1805 | D:2      | Reached XP level 4. HP: 25/28 MP: 4/4
  1886 | D:2      | Identified the +0 ring mail "Feegofo" {Drain rCorr Int+6}
  2270 | D:2      | 2270 ||| DROPPING scarf of invisibility.
  2271 | D:2      | 2271 ||| UPGRADING to +0 cloak.
  2276 | D:2      | 2276 ||| DROPPING +0 ring mail "Feegofo" {Drain rCorr
                  | Int+6}.
  2277 | D:2      | 2277 ||| READING scroll labelled HIOT HATAASUYCH.
  2278 | D:2      | 2278 ||| READING scroll labelled QEKOYV WUIRCHOT.
  2279 | D:2      | 2279 ||| DRINKING 2 pink potions.
  2312 | D:3      | 2312 ||| STAIRDANCE
  2320 | D:3      | 2320 ||| DROPPING +0 club.
  2510 | D:3      | 2510 ||| Stepping ~*~*~tactically~*~*~ (stealth).
  2595 | D:3      | Found a transporter.
  2642 | D:3      | Noticed qw's ghost (weakling GrDe)
  2647 | D:3      | Found a transporter.
  2839 | D:3      | 2839 ||| Stepping ~*~*~tactically~*~*~ (stealth).
  3008 | D:3      | 3008 ||| DROPPING +0 whip.
  3044 | D:3      | Reached XP level 5. HP: 30/32 MP: 5/5
  3238 | D:3      | 3238 ||| DRINKING 2 metallic sapphire potions.
  3266 | D:4      | 3266 ||| Stepping ~*~*~tactically~*~*~ (stealth).
  3310 | D:4      | 3310 ||| DROPPING +0 flail.
  3318 | D:4      | 3318 ||| Stepping ~*~*~tactically~*~*~ (stealth).
  3320 | D:4      | 3320 ||| Stepping ~*~*~tactically~*~*~ (stealth).
  3322 | D:4      | 3322 ||| Stepping ~*~*~tactically~*~*~ (stealth).
  3324 | D:4      | 3324 ||| Stepping ~*~*~tactically~*~*~ (stealth).
  3327 | D:4      | Reached skill level 1 in Throwing
  3327 | D:4      | 3327 ||| Stepping ~*~*~tactically~*~*~ (stealth).
  3337 | D:4      | 3337 ||| Stepping ~*~*~tactically~*~*~ (stealth).
  3489 | D:4      | 3489 ||| Stepping ~*~*~tactically~*~*~ (stealth).
  3505 | D:4      | Noticed Dowan
  3507 | D:4      | 3507 ||| Stepping ~*~*~tactically~*~*~ (stealth).
  3508 | D:4      | 3508 ||| Stepping ~*~*~tactically~*~*~ (stealth).
  3514 | D:4      | Noticed Duvessa
  3515 | D:4      | 3515 ||| Stepping ~*~*~tactically~*~*~ (hiding).
  3518 | D:4      | HP: 1/32 [Duvessa/+4 antimagic short sword (13)]
  3518 | D:4      | Slain by Duvessa

Levels and vault maps discovered:
D:1:      minmay_arrival_cross, layout_rooms, hellmonk_ecumenical_altar_run_dry,
          feat_on_display
D:2:      layout_basic
D:3:      layout_loops_corners, gammafunk_ghost_arena, corexii_leaking_fountain
D:4:      layout_cave_pods, serial_shops, shop, uniq_duvessa
D:5:      layout_basic, mainiacjoe_overflow_surrounded_room,
          minmay_temple_entry_junction_2, gammafunk_ghost_split, uniq_grinder
Temple:   hellmonk_temple_two_chambers

Skill      XL: |  1  2  3  4  5 |
---------------+----------------+-----
Axes           | 2 3 4 5 |  5.0
Armour         | 1 |  1.0
Throwing       | 1 |  1.0
Fighting       | |  3.2
Dodging        | |  1.5
Stealth        | |  5.4

Action                   |  1- 3 |  4- 6 || total
-------------------------+-------+-------++-------
Melee: Broad axe         |   140 |    75 ||   215
       Punch             |       |     1 ||     1
Throw: Javelin           |     4 |     6 ||    10
       Boomerang         |     4 |    23 ||    27
  Use: Scroll            |     4 |     2 ||     6
       Potion            |       |     2 ||     2
 Stab: Sleeping          |     1 |       ||     1
Armor: Leather armour    |     2 |       ||     2
       Scale mail        |   101 |    42 ||   143
Dodge: Dodged            |    91 |    46 ||   137

Table legend:
 A = Non-vault XP
 B = Vault XP
 C = Vault XP percentage of total XP
 D = Non-vault monster count
 E = Vault monster count
 F = Vault count percentage of total count
                 A         B        C        D         E       F
            +---------+---------+-------+---------+---------+-------
      Total |     282 |       0 |   0.0 |      77 |       0 |   0.0
            +---------+---------+-------+---------+---------+-------
        D:1 |      44 |       0 |   0.0 |      28 |       0 |   0.0
        D:2 |      62 |       0 |   0.0 |      17 |       0 |   0.0
        D:3 |      63 |       0 |   0.0 |      18 |       0 |   0.0
        D:4 |     113 |       0 |   0.0 |      14 |       0 |   0.0
            +---------+---------+-------+---------+---------+-------
